 Dungeon Crawl Stone Soup version 0.18.1-50-g88ac8fd (webtiles) character file.

147 Nordron the Insei (level 5, -4/37 HPs)
             Began as a Merfolk Transmuter on Sept 22, 2016.
             Slain by Kofeh the big kobold
             ... wielding a +2 short sword of electrocution
             ... created by the player character
              (7 damage)
             ... on level 3 of the Dungeon.
             The game lasted 00:20:09 (2763 turns).

Nordron the Insei (Merfolk Transmuter)              Turns: 2763, Time: 00:20:10

Health: -4/37      AC:  3    Str: 10    XL:     5   Next: 29%
Magic:  8/8        EV: 13    Int: 13    God:
Gold:   168        SH:  0    Dex: 15    Spells: 2 memorised, 6 levels left

rFire  . . .     SeeInvis .       - Unarmed
rCold  + . .     Gourm    .     q - +0 leather armour
rNeg   . . .     Faith    .     (no shield)
rPois  .         Spirit   .     (helmet restricted)
rElec  .         Dismiss  .     (no cloak)
rCorr  .         Reflect  .     (no gloves)
SustAt .         Harm     .     (no boots)
MR     .....                    (no amulet)
Stlth  +++.......               k - ring of stealth
                                j - ring of protection from cold

@: not resistant to hostile enchantments, fairly stealthy
A: change form in water, swift swim, antennae 1
a: no special abilities


You were on level 3 of the Dungeon.
You were not hungry.

You visited 1 branch of the dungeon, and saw 3 of its levels.

You collected 168 gold pieces.

Inventory:

Hand Weapons
 f - a +0 long sword
Missiles
 r - 65 arrows
Armour
 q - a +0 leather armour (worn)
 s - a +0 chain mail of fire resistance
Jewellery
 j - a ring of protection from cold (left hand)
 k - a ring of stealth (right hand)
Scrolls
 e - a scroll of teleportation {unknown}
 g - 2 scrolls of noise
 i - 2 scrolls of immolation
 m - a scroll of remove curse
 n - 2 scrolls of enchant armour
 o - 2 scrolls of identify
 p - a scroll of recharging {unknown}
Potions
 b - 3 potions of haste
 l - 2 potions of curing
 t - a potion of invisibility {unknown}
 v - a potion of mutation {unknown}
 w - a potion of heal wounds {unknown}
Books
 c - a book of Changes

   Spells                             Type                      Level
   a - Beastly Appendage              Transmutation                1
   b - Sticks to Snakes               Transmutation                2
   c - Spider Form                    Transmutation/Poison         3
   d - Ice Form                       Ice/Transmutation            4
   e - Blade Hands                    Transmutation                5
Miscellaneous
 a - a plain deck of changes {drawn: 6}
Comestibles
 d - a bread ration


   Skills:
 + Level 1.5 Fighting
 + Level 1.0 Armour
 + Level 4.0 Dodging
 + Level 1.4 Stealth
 + Level 4.1 Unarmed Combat
 + Level 2.6 Spellcasting
 + Level 3.4 Transmutations


You had 6 spell levels left.
You knew the following spells:

 Your Spells              Type           Power        Failure   Level  Hunger
a - Beastly Appendage     Trmt           ##....       10%         1    #......
b - Sticks to Snakes      Trmt           ##......     14%         2    ###....


Dungeon Overview and Level Annotations

Branches:
Dungeon (3/15)

Altars:
Nemelex Xobeh
Zin


Innate Abilities, Weirdness & Mutations

You revert to your normal form in water.
You are very nimble and swift while swimming.
You have a pair of small antennae on your head.


Message History

Confirm with . or Enter, or press ? or * to list all spells.
You have no appropriate body parts free.
Casting: Beastly Appendage
Confirm with . or Enter, or press ? or * to list all spells.
You have no appropriate body parts free.
You hit Kofeh but do no damage.
Kofeh is lightly wounded.
Kofeh hits you with a short sword of electrocution!
You barely miss Kofeh.
Kofeh is lightly wounded.
Kofeh hits you with a short sword of electrocution.
You are electrocuted!
* * * LOW HITPOINT WARNING * * *
You hit Kofeh but do no damage.
Kofeh is lightly wounded.
Kofeh misses you.
You hit Kofeh but do no damage.
Kofeh is lightly wounded.
Kofeh hits you with a short sword of electrocution!
You die...

#<#.........#
#.#.#
#......######
#.#.#
######.#
#.#.# #.#
#.#.### ##'##
#......
##...##
###.###
##.....## #.#
##.K.....##
..#
#..@......#
..#
+.........+
...
#......$..#
....
##.......##
## ##.....##
##...## ##+##


You could see Kofeh the big kobold.

Vanquished Creatures
  An ogre (D:3)
  An adder (D:2)
  2 oozes (D:3)
  A worm (D:2)
  6 bats
  3 giant cockroaches
  3 goblins
  3 hobgoblins
  9 jackals
  3 giant newts (D:2)
  5 kobolds
  10 rats
47 creatures vanquished.

Notes
Turn   | Place    | Note
--------------------------------------------------------------
     0 | D:1      | Nordron the Merfolk Transmuter began the quest for the Orb.
     0 | D:1      | Reached XP level 1. HP: 15/15 MP: 3/3
   268 | D:1      | Reached XP level 2. HP: 17/21 MP: 3/5
   321 | D:1      | Learned a level 2 spell: Sticks to Snakes
   937 | D:2      | Found a sparkling altar of Nemelex Xobeh.
   960 | D:2      | Reached XP level 3. HP: 5/26 MP: 6/6
  1385 | D:2      | Drew Focus: Dex increased to 15, Str decreased to 10
  1591 | D:2      | HP: 1/26 [worm (7)]
  1980 | D:2      | Found a glowing silver altar of Zin.
  2273 | D:3      | Reached XP level 4. HP: 31/32 MP: 7/7
  2476 | D:3      | Noticed an ogre
  2495 | D:3      | Killed an ogre
  2495 | D:3      | Reached skill level 1 in Armour
  2495 | D:3      | Reached skill level 1 in Stealth
  2495 | D:3      | Reached XP level 5. HP: 24/37 MP: 4/8
  2542 | D:3      | Gained mutation: You have a pair of small antennae on your head. [helix card]
  2544 | D:3      | Noticed Kofeh
  2763 | D:3      | Slain by Kofeh the big kobold

Skill      XL: |  1  2  3  4 |
---------------+-------------+-----
Transmutations | 3 |  3.4
Dodging        | 3 4 |  4.0
Armour         | 1 |  1.0
Stealth        | 1 |  1.4
Unarmed Combat | 4 |  4.1
Fighting       | |  1.5
Spellcasting   | |  2.6

Action                   |  1- 3 |  4- 6 || total
-------------------------+-------+-------++-------
Melee: Unarmed           |   138 |    23 ||   161
       Headbutt          |    11 |     1 ||    12
       Long sword        |     8 |       ||     8
       Punch             |     1 |       ||     1
 Cast: Beastly Appendage |    17 |     4 ||    21
Evoke: Deck              |     3 |     3 ||     6
  Use: Scroll            |     3 |     3 ||     6
       Potion            |     1 |       ||     1
 Stab: Sleeping          |     3 |     2 ||     5
  Eat: Chunk             |     5 |     1 ||     6
Armor: Robe              |    13 |       ||    13
       Leather armour    |    17 |     1 ||    18
Dodge: Dodged            |   125 |    11 ||   136
